 Dungeon Crawl Stone Soup version 0.18.1-50-g88ac8fd (webtiles) character file.

297 wolfsongas the Ducker (level 6, -3/61 HPs)
             Began as a Troll Berserker on May 1, 2017.
             Was an Initiate of Ashenzari.
             Slain by a black bear (9 damage)
             ... created by the rage of Trog
             ... on level 5 of the Dungeon.
             The game lasted 00:16:45 (2009 turns).

wolfsongas the Ducker (Troll Berserker)             Turns: 2009, Time: 00:16:45

Health: -3/61      AC:  5    Str: 28    XL:     6   Next: 12%
Magic:  5/5        EV: 12    Int:  5    God:    Ashenzari [......]
Gold:   112        SH:  0    Dex:  9    Spells: 0 memorised, 5 levels left

rFire  . . .     SeeInvis .     v - +1 short sword (elec)
rCold  . . .     Gourm    +     a - +0 animal skin
rNeg   . . .     Faith    .     (no shield)
rPois  .         Spirit   .     (helmet restricted)
rElec  .         Dismiss  .     (no cloak)
rCorr  .         Reflect  .     (gloves unavailable)
SustAt .         Harm     .     (boots unavailable)
MR     .....                    (no amulet)
Stlth  +.........               m - +1 ring of evasion
                                w - +2 ring of intelligence

@: not resistant to hostile enchantments, very unstealthy
A: unfitting armour, claws 3, fast metabolism 3, gourmand, regeneration 2,
shaggy fur 1, tough skin 2
a: Curse Item, Renounce Religion


You were on level 5 of the Dungeon.
You worshipped Ashenzari.
Ashenzari was noncommittal.
You were not hungry.

You visited 1 branch of the dungeon, and saw 5 of its levels.

You collected 112 gold pieces.

Inventory:

Hand Weapons
 b - a cursed +0 club
 k - a +0 mace
 o - a +0 hunting sling
 v - a +1 short sword of electrocution (weapon)
Armour
 a - a +0 animal skin (worn)
Jewellery
 f - an uncursed ring of fire
 m - a +1 ring of evasion (right claw)
 q - an uncursed ring of protection from cold
 w - a +2 ring of intelligence (left claw)
Wands
 i - a wand of lightning (5/15)
 j - a wand of iceblast (7/15)
Potions
 d - 2 potions of degeneration
 e - a potion of brilliance
 h - a potion of ambrosia
Comestibles
 c - 2 fruits
 g - 2 slices of pizza
 l - 2 meat rations
 n - a beef jerky


   Skills:
 + Level 3.6 Fighting
 + Level 0.2 Short Blades
 + Level 4.2 Dodging
 + Level 0.4 Stealth
 + Level 4.1 Unarmed Combat


You had 5 spell levels left.
You didn't know any spells.

Dungeon Overview and Level Annotations

Branches:
Dungeon (5/15)
 Temple: D:4-7

Altars:
Ashenzari
Pakellas
Ru
Vehumet
Xom
Yredelemnul
Zin
The Shining One

Shops:
D:4 [


Innate Abilities, Weirdness & Mutations

You are too large for most types of armour.
You have claws for hands.
Your metabolism is lightning-fast.
You like to eat raw meat.
You heal very quickly.
You are covered in fur (AC +1).
You have very tough skin (AC +2).


Message History

The black bear claws you but does no damage.
The black bear claws you. The black bear bites you!
* * * LOW HITPOINT WARNING * * *
The black bear claws you.
* * * LOW HITPOINT WARNING * * *
The black bear closely misses you.
Zapping:
i - a wand of lightning (will waste charges)
Press: ? - help, Shift-Dir - straight line, f - black bear
Aim: a black bear (berserk, fast, unusually strong, durably summoned)
You hear a mighty clap of thunder!
The bolt of lightning hits the black bear.
The black bear is heavily wounded.
Evoking this partially-identified wand wasted a few charges.
You hear a bark!
The black bear closely misses you.
The black bear claws you but does no damage.
The black bear claws you.
* * * LOW HITPOINT WARNING * * *
The black bear bites you!
You die...

####### .#
.<....############.##. ##
................$........
.......#######......##...
.........#..>........?..#
########...#............##
#................#..##
#.#####............... ...
#...h@h....... #.#
#....h........ ...
....#........#### ###
..<.<.........##
................#
................#
................#
....?...........##
...(........o##


You could see 3 black bears.

Vanquished Creatures
  A crimson imp (D:5)
  2 hounds (D:5)
  2 orc wizards
  Terence (D:2)
  4 adders (D:3)
  3 oozes
  2 worms
  3 dart slugs (D:1)
  A giant gecko (D:1)
  5 orcs
  2 giant cockroaches
  5 goblins
  6 hobgoblins
  12 jackals
  4 bats
  3 giant newts
  7 kobolds
  4 rats
67 creatures vanquished.

Notes
Turn   | Place    | Note
--------------------------------------------------------------
     0 | D:1      | wolfsongas the Troll Berserker began the quest for the Orb.
     0 | D:1      | Reached XP level 1. HP: 22/22 MP: 0/0
    56 | D:1      | Reached XP level 2. HP: 29/29 MP: 1/1
   232 | D:1      | Reached ** piety under Trog
   343 | D:1      | Reached XP level 3. HP: 32/36 MP: 2/2
   511 | D:2      | Noticed Terence
   526 | D:2      | Killed Terence
   697 | D:2      | Found a shimmering altar of Xom.
   697 | D:2      | Found a glowing silver altar of Zin.
   697 | D:2      | Noticed an angel
   811 | D:2      | Found a basalt altar of Yredelemnul.
   815 | D:2      | Noticed a profane servitor
   830 | D:2      | Found a glowing golden altar of the Shining One.
   832 | D:2      | Noticed an angel
   939 | D:3      | Reached XP level 4. HP: 45/45 MP: 3/3
  1412 | D:3      | Reached XP level 5. HP: 53/53 MP: 4/4
  1448 | D:3      | Reached *** piety under Trog
  1500 | D:3      | Found a shattered altar of Ashenzari.
  1507 | D:3      | Fell from the grace of Trog
  1507 | D:3      | Became a worshipper of Ashenzari the Shackled
  1562 | D:4      | Found a radiant altar of Vehumet.
  1562 | D:4      | Found an oddly glowing altar of Pakellas.
  1563 | D:4      | Found a sacrificial altar of Ru.
  1606 | D:4      | Found Bylu Puurgh's Antique Armour Shoppe.
  1872 | D:5      | Entered Level 5 of the Dungeon
  1903 | D:5      | HP: 2/53 [poisoned by a worker ant]
  1989 | D:5      | Reached XP level 6. HP: 61/61 MP: 5/5
  2009 | D:5      | Slain by a black bear

Skill      XL: |  1  2  3  4  5 |
---------------+----------------+-----
Dodging        | 3 4 |  4.2
Fighting       | 3 |  3.6
Unarmed Combat | 4 |  4.1
Short Blades   | |  0.2
Stealth        | |  0.4

Action                   |  1- 3 |  4- 6 || total
-------------------------+-------+-------++-------
Melee: Unarmed           |    76 |    69 ||   145
       Punch             |     2 |     2 ||     4
       Short sword       |       |    34 ||    34
Invok: Trog's Hand       |     1 |     1 ||     2
       Burn Spellbooks   |       |     1 ||     1
       Curse Item        |       |     1 ||     1
Evoke: Wand              |       |     1 ||     1
  Use: Scroll            |     6 |     7 ||    13
       Potion            |     3 |     4 ||     7
  Eat: Chunk             |     3 |     5 ||     8
       Bread ration      |     1 |     1 ||     2
Armor: Animal skin       |    36 |    65 ||   101
Dodge: Dodged            |    62 |   123 ||   185
